 Dungeon Crawl Stone Soup version 0.29.1-2-gbd0b4ee654 (webtiles) character file.

Game seed: 4742931329721683985

528 safid the Shooter (level 7, -3/64 HPs)
             Began as a Minotaur Hunter on Nov 30, 2022.
             Slain by a black bear (11 damage)
             ... on level 3 of the Dungeon.
             The game lasted 00:06:30 (3435 turns).

safid the Shooter (Minotaur Hunter)                 Turns: 3435, Time: 00:06:31

Health: -3/64      AC:  5    Str: 15    XL:     7   Next: 3%
Magic:  6/6        EV: 12    Int:  6    God:
Gold:   245        SH:  0    Dex: 16    Spells: 6/6 levels left

rFire   + . .      SeeInvis .   a - +0 shortbow
rCold   . . .      Faith    .   (shield currently unavailable)
rNeg    . . .      Spirit   .   q - +0 troll leather armour {Pargi}
rPois   .          Reflect  .   (helmet restricted)
rElec   .          Harm     .   (no cloak)
rCorr   .          Rampage  .   k - +0 pair of gloves
Will    .....                   (no boots)
Stlth   +.........              (no amulet)
HPRegen 1.00/turn               m - ring of protection from fire
MPRegen 0.10/turn               (no ring)

@: no status effects
A: horns 2, retaliatory headbutt
a: no special abilities


You were on level 3 of the Dungeon.
You visited 1 branch of the dungeon, and saw 4 of its levels.

You collected 245 gold pieces.

Inventory:

Hand Weapons
 a - a +0 shortbow (weapon)
Armour
 k - a +0 pair of gloves (worn)
 q - a +0 troll leather armour (worn) {Pargi}
Jewellery
 m - a ring of protection from fire (left hand)
Wands
 p - a wand of roots (8)
 u - a wand of charming (15)
Scrolls
 b - 2 scrolls of immolation
 c - 4 scrolls of magic mapping {unknown}
 d - 3 scrolls of identify
 f - a scroll of poison {unknown}
 g - 2 scrolls of teleportation
 j - a scroll of noise {unknown}
 o - a scroll of enchant weapon {unknown}
 r - 2 scrolls of butterflies {unknown}
 v - a scroll of vulnerability {unknown}
Potions
 e - a potion of curing {unknown}
 h - a potion of cancellation {unknown}
 i - a potion of haste
 l - 2 potions of degeneration {unknown}
 n - a potion of might {unknown}
 s - a potion of heal wounds {unknown}
 t - a potion of brilliance {unknown}


   Skills:
 + Level 6.7 Fighting
 + Level 7.3 Ranged Weapons
 - Level 2.1 Dodging
 - Level 0.7 Stealth


You had 6 spell levels left.
You didn't know any spells.
Your spell library contained the following spells:

 Spells                   Type           Power      Damage    Failure   Level
 Shock                    Conj/Air       0%         1d3       52%         1
 Summon Small Mammal      Summ           0%         N/A       52%         1
 Call Canine Familiar     Summ           0%         N/A       88%         3
 Summon Guardian Golem    Hex/Summ       0%         N/A       88%         3
 Swiftness                Air            0%         N/A       88%         3
 Airstrike                Air            0%         2d(0-16)  99%         4


Dungeon Overview and Level Annotations

Branches:
Dungeon (4/15)
 Temple: D:4-7

Altars:

Shops:
D:4 [

Annotations:
D:3 1 runed translucent door, Crazy Yiuf
D:4 Sigmund


Innate Abilities, Weirdness & Mutations

You have a pair of horns on your head.
You reflexively headbutt those who attack you in melee.


Message History

The black bear completely misses you. The black bear claws you.
The black bear misses you.
You climb upwards.
Level annotation: 1 runed translucent door, Crazy Yiuf Reactivating autopickup.
There is a stone staircase leading down here.
Fire: a) +0 shortbow
Press: ? - help, Q - select action, (/) - cycle Shift-Dir - straight line, f - black bear
Aim: a black bear (almost dead, berserk, 72% to hit)
You shoot an arrow.
The arrow closely misses the black bear.
The black bear bites you!
* * * LOW HITPOINT WARNING * * *
The black bear claws you but does no damage.
The black bear claws you.
* * * LOW HITPOINT WARNING * * *
Unknown command.
Fire: a) +0 shortbow
Press: ? - help, Q - select action, (/) - cycle Shift-Dir - straight line, f/p - black bear
Aim: a black bear (almost dead, berserk, 72% to hit)
You shoot an arrow.
The arrow hits the black bear but does no damage.
The black bear is almost dead.
The black bear bites you.
* * * LOW HITPOINT WARNING * * *
The black bear claws you.
* * * LOW HITPOINT WARNING * * *
The black bear claws you but does no damage.
The black bear bites you.
* * * LOW HITPOINT WARNING * * *
The black bear completely misses you.
The black bear claws you but does no damage.
Okay, then.
Fire: a) +0 shortbow
Press: ? - help, Q - select action, (/) - cycle Shift-Dir - straight line, f/p - black bear
Aim: a black bear (almost dead, berserk, 72% to hit)
You shoot an arrow.
The arrow closely misses the black bear.
The black bear bites you!
You die...

##.....#.##
####..........##
#..#####..#
####.....#......## ..##
#..#####.[..#...###.####
.## #...##...####.#.#
#.# ##
####....#####..#.# #.# #
##......#####.....# #.#
#..##...# #...#.#.# #.#
##.###...# #h###.#.# #.#
#......#.###@# #.#.###.#
#####..#####..##.#
#.#.##..#### .......#
##..#.# #.#........##
###...##
##...###.####.###..##
####### ###.#......##.#
##..# ..#
#...รท......#..# ##.#
#.# #####
#..........#.## #.# ..#
#..)# ##.##......#.# #.#
### #...# #.##......#.#
####)#


You could see a black bear (berserk).

Vanquished Creatures
  Duvessa (D:3)
  Pargi (D:3)
  Dowan (D:3)
  A hound (D:3)
  Jessica (D:3)
  Ijyb (D:4)
  Natasha (thrice) (D:4)
  4 adders
  5 dart slugs
  2 orcs
  7 endoplasms
  6 giant cockroaches (D:1)
  6 goblins
  9 hobgoblins
  4 jackals (D:1)
  4 kobolds
  2 quokkas (D:1)
  11 ball pythons
  7 bats
  3 frilled lizards
  11 rats
90 creatures vanquished.

Vanquished Creatures (others)
  3 plants (D:1)
3 creatures vanquished.

Grand Total: 93 creatures vanquished

Notes
Turn   | Place    | Note
-------+----------+-------------------------------------------
     0 | D:1      | safid the Minotaur Hunter began the quest for the Orb.
     0 | D:1      | Reached XP level 1. HP: 18/18 MP: 0/0
     1 | D:1      | Found a runed translucent door.
    93 | D:1      | Reached XP level 2. HP: 24/26 MP: 1/1
   460 | D:1      | Reached skill level 5 in Ranged Weapons
   460 | D:1      | Reached XP level 3. HP: 16/31 MP: 2/2
  1005 | D:2      | Found a faded altar of an unknown god.
  1414 | D:2      | Reached XP level 4. HP: 40/40 MP: 3/3
  1920 | D:3      | Found a runed translucent door.
  1921 | D:3      | Noticed Crazy Yiuf
  1968 | D:3      | Noticed Pargi
  1988 | D:3      | Killed Pargi
  1989 | D:3      | Reached skill level 5 in Fighting
  1989 | D:3      | Reached skill level 6 in Ranged Weapons
  1989 | D:3      | Reached XP level 5. HP: 35/48 MP: 4/4
  2289 | D:3      | Noticed Jessica
  2292 | D:3      | Killed Jessica
  2499 | D:3      | Reached XP level 6. HP: 55/56 MP: 5/5
  2685 | D:4      | Noticed Duvessa
  2685 | D:4      | Noticed Dowan
  2690 | D:4      | Noticed Ijyb
  2896 | D:3      | Killed Dowan
  2910 | D:3      | HP: 1/57 [Duvessa/+0 rapier (6)]
  2913 | D:3      | Killed Duvessa
  3079 | D:3      | Reached skill level 7 in Ranged Weapons
  3207 | D:4      | Killed Ijyb
  3208 | D:4      | Noticed Natasha
  3226 | D:4      | Killed Natasha
  3250 | D:4      | Noticed Natasha
  3256 | D:4      | Killed Natasha
  3277 | D:4      | Noticed Natasha
  3295 | D:4      | Killed Natasha
  3296 | D:4      | Reached XP level 7. HP: 64/64 MP: 6/6
  3341 | D:4      | Found Askecw's Antique Armour Shoppe.
  3411 | D:4      | Noticed Sigmund
  3435 | D:3      | Slain by a black bear

Illustrated notes

Levels and vault maps discovered:
D:1:      dpeg_arrival_caged_fury, layout_rooms, serial_bayou,
          serial_bayou_pond_d, serial_bayou_ford_a, serial_bayou_shore_a,
          serial_bayou_pond_b
D:2:      layout_loops_cross, hellmonk_ecumenical_altar_pennies_from_heaven,
          st_stairs_12, grunt_ministairs_15
D:3:      layout_rooms, minmay_liquid_box, minmay_crystal_room,
          grunt_decor_arrowhead, uniq_jessica, uniq_pargi,
          uniq_crazy_yiuf_cottage
D:4:      layout_cave_pools, serial_shops, kennysheep_mini, uniq_blork_the_orc,
          uniq_natasha, uniq_duvessa, uniq_ijyb, uniq_sigmund

Skill      XL: |  1  2  3  4  5  6 |
---------------+-------------------+-----
Fighting       | 3 4 5 6 |  6.7
Ranged Weapons | 5 6 7 |  7.3
Dodging        | |  2.1
Stealth        | |  0.7

Action                   |  1- 3 |  4- 6 |  7- 9 || total
-------------------------+-------+-------+-------++-------
Melee: Unarmed           |       |    11 |       ||    11
 Fire: Shortbow          |   133 |   143 |    20 ||   296
  Use: Potion            |       |     4 |       ||     4
       Scroll            |       |     2 |       ||     2
Armor: Leather armour    |    11 |     7 |       ||    18
       Troll leather arm |       |    16 |     7 ||    23
       Skin              |       |     4 |       ||     4
Dodge: Dodged            |    66 |    73 |     9 ||   148
